 Dungeon Crawl Stone Soup version 0.25-a0-589-g1e14c549ee (webtiles) character file.

Game seed: 17095641669313330925, levelgen mode: deterministic

433 Kohma the Shield-Bearer (level 6, 0/51 HPs)
             Began as a Draconian Fighter on Mar 10, 2020.
             Was an Initiate of Makhleb.
             Slain by a gnoll
             ... wielding a +0 spear
              (5 damage)
             ... on level 3 of the Dungeon.
             The game lasted 00:07:14 (3920 turns).

Kohma the Shield-Bearer (Draconian Fighter)         Turns: 3920, Time: 00:07:14

Health: 0/51       AC:  6    Str: 18    XL:     6   Next: 67%
Magic:  6/6        EV: 10    Int: 11    God:    Makhleb [......]
Gold:   68         SH: 10    Dex: 10    Spells: 5/5 levels left

rFire    . . .     SeeInvis .     - Unarmed
rCold    . . .     Gourm    .   a - +0 kite shield
rNeg     . . .     Faith    .   (armour unavailable)
rPois    .         Spirit   .   (helmet restricted)
rElec    .         Reflect  .   (no cloak)
rCorr    .         Harm     .   (no gloves)
MR       .....                  (no boots)
Stlth    +.........             (no amulet)
HPRegen  0.17/turn              (no ring)
MPRegen  0.10/turn              (no ring)

@: no status effects
A: unfitting armour, cold-blooded, AC +6
a: Renounce Religion


You were on level 3 of the Dungeon.
You worshipped Makhleb.
Makhleb was noncommittal.
You were hungry.

You visited 1 branch of the dungeon, and saw 3 of its levels.

You collected 68 gold pieces.

Inventory:

Missiles
 g - 5 javelins (quivered)
 k - a throwing net
Armour
 a - a +0 kite shield (worn)
Jewellery
 f - a +3 amulet of reflection {unknown}
 h - an uncursed ring of see invisible {unknown}
 i - a cursed -4 ring of evasion {unknown}
 q - an uncursed amulet of the acrobat {unknown}
Scrolls
 b - a scroll of immolation {unknown}
 d - a scroll of amnesia {unknown}
 e - a scroll of magic mapping {unknown}
 n - a scroll of teleportation {unknown}
 o - 2 scrolls of identify {unknown}
 p - a scroll of remove curse {unknown}
 r - a scroll of enchant weapon {unknown}
Potions
 j - a potion of heal wounds {unknown}
 l - a potion of cancellation {unknown}
 m - a potion of brilliance {unknown}
Comestibles
 c - 5 rations


   Skills:
 - Level 3.2 Fighting
 - Level 2.6 Dodging
 + Level 5.7 Shields
 + Level 5.2 Unarmed Combat


You had 5 spell levels left.
You didn't know any spells.
Your spell library was empty.

Dungeon Overview and Level Annotations

Branches:
Dungeon (3/15)

Altars:
Fedhas
Makhleb
Qazlal
Sif Muna
Trog
Wu Jian


Innate Abilities, Weirdness & Mutations

Your plain brown scales are hard. (AC +6)
You cannot fit into any form of body armour.
You are cold-blooded and may be slowed by cold attacks.


Message History

You block the gnoll's attack. The gnoll hits you but does no damage.
You hit the gnoll.
You kill the gnoll!
Makhleb accepts your kill. You block the gnoll's attack.
You hit the gnoll but do no damage. The gnoll hits you but does no damage.
You block the gnoll's attack.
You barely miss the gnoll. The gnoll hits you with a +0 flail!
* * * LOW HITPOINT WARNING * * *
The gnoll hits you from afar with a +0 spear!
* * * LOW HITPOINT WARNING * * *
You hit the gnoll.
Your tail-slap misses the gnoll.
The gnoll is heavily wounded.
The gnoll hits you from afar with a +0 spear.
* * * LOW HITPOINT WARNING * * *
You block the gnoll's attack.
You hit the gnoll but do no damage.
The gnoll is moderately wounded.
The gnoll hits you from afar with a +0 spear.
You die...

#......# .. .g.. #.####.#
......... #.# #.# ..... ...
#.# #.# .....##.#### #.####.#
........#.. #######....#.#
..........# #..........#.#
.......!..######.##########.#
#......gg@..#........#...#
#......####.########.#)###
####.)....# # ####)#.#
#......# #....#<# #......+
#.####.# #......# #.# #.#
#......#######.# #.#
#......#))(.>..# #.#
#......#.####### #.#


You could see 2 gnolls.

Vanquished Creatures
  Sigmund (D:2)
  A centaur (D:2)
  A worker ant (D:3)
  Robin (D:3)
  2 gnolls (D:3)
  3 adders (D:2)
  An ooze (D:2)
  3 worms (D:2)
  2 dart slugs (D:2)
  3 leopard geckos
  An orc (D:3)
  9 bats
  5 giant cockroaches
  19 goblins
  11 hobgoblins
  7 jackals
  5 kobolds
  A ball python (D:3)
  5 frilled lizards
  9 rats
90 creatures vanquished.

Vanquished Creatures (others)
  A leopard gecko (D:2)
1 creature vanquished.

Grand Total: 91 creatures vanquished

Notes
Turn   | Place    | Note
-------+----------+-------------------------------------------
     0 | D:1      | Kohma the Draconian Fighter began the quest for the Orb.
     0 | D:1      | Reached XP level 1. HP: 19/19 MP: 1/1
   182 | D:1      | Reached XP level 2. HP: 16/26 MP: 2/2
   750 | D:1      | Reached XP level 3. HP: 27/31 MP: 3/3
  1250 | D:2      | Noticed Sigmund
  1264 | D:2      | Killed Sigmund
  1264 | D:2      | Reached XP level 4. HP: 24/38 MP: 4/4
  1264 | D:2      | Reached XP level 5. HP: 29/45 MP: 5/5
  1440 | D:2      | Reached skill level 5 in Shields
  2003 | D:2      | Noticed a centaur
  2031 | D:2      | Reached XP level 6. HP: 3/51 MP: 6/6
  2331 | D:2      | Reached skill level 5 in Unarmed Combat
  3260 | D:3      | Found a blossoming altar of Fedhas.
  3260 | D:3      | Found a burning altar of Makhleb.
  3261 | D:3      | Found a bloodstained altar of Trog.
  3262 | D:3      | Found an ornate altar of the Wu Jian Council.
  3263 | D:3      | Found a stormy altar of Qazlal.
  3264 | D:3      | Found a shimmering blue altar of Sif Muna.
  3267 | D:3      | Noticed Robin
  3377 | D:3      | Became a worshipper of Makhleb the Destroyer
  3423 | D:3      | Killed Robin
  3920 | D:3      | Slain by a gnoll

Levels and vault maps discovered:
D:1:      dpeg_arrival_morbid_curiosity, layout_loops_ring
D:2:      layout_loops_ring, minmay_joined_circles, uniq_sigmund
D:3:      layout_basic, grunt_temple_overflow_open, first_ration, uniq_robin

Skill      XL: |  1  2  3  4  5  6 |
---------------+-------------------+-----
Unarmed Combat | 4 5 |  5.2
Shields        | 4 5 |  5.7
Fighting       | |  3.2
Dodging        | |  2.6

Action                   |  1- 3 |  4- 6 || total
-------------------------+-------+-------++-------
Melee: Unarmed           |   115 |   262 ||   377
       Tailslap          |    10 |    30 ||    40
Throw: Javelin           |     6 |       ||     6
  Use: Potion            |     1 |     1 ||     2
 Stab: Sleeping          |     1 |       ||     1
       Invisible         |       |     1 ||     1
  Eat: Chunk             |     1 |     8 ||     9
Armor: Skin              |    33 |    54 ||    87
Dodge: Dodged            |    52 |    83 ||   135
Block: Kite shield       |    62 |   108 ||   170

Table legend:
 A = Non-vault XP
 B = Vault XP
 C = Vault XP percentage of total XP
 D = Non-vault monster count
 E = Vault monster count
 F = Vault count percentage of total count
                 A         B        C        D         E       F
            +---------+---------+-------+---------+---------+-------
      Total |     182 |     437 |  70.6 |      58 |      32 |  35.6
            +---------+---------+-------+---------+---------+-------
        D:1 |      43 |       8 |  15.7 |      25 |       4 |  13.8
        D:2 |      58 |     393 |  87.1 |      18 |      16 |  47.1
        D:3 |      81 |      36 |  30.8 |      15 |      12 |  44.4
            +---------+---------+-------+---------+---------+-------
